 Dungeon Crawl Stone Soup version 0.25.0-10-g039870ee82 (webtiles) character file.

Game seed: 8042660536871354930

10 DeadF the Sneak (level 2, 0/11 HPs)
             Began as a Felid Enchanter on June 22, 2020.
             Slain by a bat (1 damage)
             ... on level 1 of the Dungeon.
             The game lasted 00:00:42 (465 turns).

DeadF the Sneak (Felid Enchanter)                    Turns: 465, Time: 00:00:43

Health: 0/11       AC:  1    Str:  4    XL:     2   Next: 10%
Magic:  6/6        EV: 18    Int: 16    God:
Gold:   75         SH:  0    Dex: 16    Spells: 4/5 levels left
                                        Lives:  0   Deaths: 0

rFire    . . .     SeeInvis +     - Unarmed
rCold    . . .     Gourm    .   (shield unavailable)
rNeg     . . .     Faith    .   (armour unavailable)
rPois    .         Spirit   .   (helmet unavailable)
rElec    .         Reflect  .   (cloak unavailable)
rCorr    .         Harm     .   (gloves unavailable)
MR       .....                  (boots unavailable)
Stlth    +++.......             (no amulet)
HPRegen  0.03/turn              (no ring)
MPRegen  0.10/turn              (no ring)

@: quick
A: very small, no armour, no weapons or thrown items, stealth, claws 1, fangs 3,
see invisible, carnivore, speed 1, shaggy fur 1, slow metabolism 1, sharp paws
a: no special abilities


You were on level 1 of the Dungeon.
You were very full.

You visited 1 branch of the dungeon, and saw 1 of its levels.

You collected 75 gold pieces.

Inventory:

Scrolls
 c - a scroll of random uselessness {unknown}
 e - a scroll of amnesia {unknown}
 f - a scroll of teleportation {unknown}
Potions
 a - 2 potions of stabbing {unknown}
 d - a potion of flight {unknown}
Comestibles
 b - a ration


   Skills:
 + Level 3.3 Dodging
 + Level 4.5 Stealth
 - Level 1.0 Unarmed Combat
 - Level 2.0 Spellcasting
 - Level 4.4 Hexes


You had 4 spell levels left.
You knew the following spells:

 Your Spells              Type           Power        Failure   Level  Hunger
a - Corona                Hex            ###....      3%          1    #......

Your spell library contained the following spells:

 Spells                   Type           Power        Failure   Level  Hunger
 Confusing Touch          Hex            ###.....     11%         3    ###....
 Tukima's Dance           Hex            ###.....     11%         3    ###....
 Ensorcelled Hibernation  Hex/Ice        #.....       13%         2    ###....
 Dazzling Flash           Conj/Hex       #.....       26%         3    ###....


Dungeon Overview and Level Annotations

Branches:
Dungeon (1/15)

Altars:


Innate Abilities, Weirdness & Mutations

You cannot wear armour.
You are incapable of wielding weapons or throwing items.
Your paws allow you to move quietly. (Stealth)
You have sharp claws.
You have razor-sharp teeth.
You have supernaturally acute eyesight. (SInv)
You are carnivorous and can eat meat at any time.
You cover ground quickly.
You are covered in fur. (AC +1)
You have a slow metabolism.
Your sharp claws are effective at attacking unaware monsters.


Message History

The bat barely misses you. The bat hits you but does no damage.
The kobold completely misses you.
You closely miss the bat. The bat barely misses you.
The kobold completely misses you.
You barely miss the bat. The bat closely misses you.
The kobold barely misses you.
You closely miss the kobold. Your bite misses the kobold.
The kobold misses you.
You completely miss the leopard gecko. The leopard gecko misses you.
The kobold completely misses you. The leopard gecko bites you.
You barely miss the leopard gecko. The kobold completely misses you.
The leopard gecko bites you.
* * * LOW HITPOINT WARNING * * *
The kobold throws a stone.
The stone completely misses you.
A kobold comes into view. It is wielding a +0 short sword.
The kobold throws a stone.
The stone hits you but does no damage.
You see here 2 stones.
The bat misses you. The bat hits you.
You die...

# #...... #.#.##..### ####
........ ...##### #####.#..#
#...... .........# #.....
#####....######....
...##....)....#...
##.##.........##.#
#.##.........##@#
##.##.........##b##########
...###...........l(........
.....#..##........#K.########
.....#.....[.....^##..K.....#
.....##>..........##..##.##.
.#########........###..#.# .#
#........# ##.)# .#
#........# #)##


You could see a leopard gecko and a bat.

Vanquished Creatures
  A dart slug (D:1)
  2 bats (D:1)
  2 goblins (D:1)
  A hobgoblin (D:1)
  A kobold (D:1)
  A rat (D:1)
8 creatures vanquished.

Notes
Turn   | Place    | Note
-------+----------+-------------------------------------------
     0 | D:1      | DeadF the Felid Enchanter began the quest for the Orb.
     0 | D:1      | Reached XP level 1. HP: 7/7 MP: 4/4
   401 | D:1      | Reached XP level 2. HP: 11/11 MP: 6/6
   465 | D:1      | Slain by a bat

Illustrated notes

Levels and vault maps discovered:
D:1:      heliophobic_arrival_enchanted_forest, layout_basic, minmay_tall_x

Skill      XL: |  1 |
---------------+----+-----
Dodging        | 3 |  3.3
Stealth        | |  4.5
Unarmed Combat | |  1.0
Spellcasting   | |  2.0
Hexes          | |  4.4

Action                   || total
-------------------------++-------
Melee: Unarmed           ||    31
 Stab: Sleeping          ||     5
  Eat: Chunk             ||     4
Armor: Skin              ||     3
Dodge: Dodged            ||    25
